 Dungeon Crawl Stone Soup version 0.29-a0-845-g6161e89988 (webtiles) character file.

Game seed: 1632268132174300146

190 kevlar127 the Ruffian (level 5, 0/54 HPs)
             Began as a Troll Berserker on July 15, 2022.
             Was a Believer of Trog.
             Succumbed to an orc wizard's poison
             ... on level 5 of the Dungeon.
             The game lasted 00:08:11 (2848 turns).

kevlar127 the Ruffian (Troll Berserker)             Turns: 2848, Time: 00:08:12

Health: 0/54       AC:  4    Str: 27    XL:     5   Next: 41%
Magic:  4/4        EV: 10    Int:  3    God:    Trog [**....]
Gold:   63         SH:  0    Dex:  9    Spells: 4/4 levels left

rFire   + . .      SeeInvis .     - Unarmed
rCold   . . .      Faith    +   (no shield)
rNeg    . . .      Spirit   .   k - +0 robe {Will+}
rPois   .          Reflect  .   (helmet restricted)
rElec   .          Harm     .   (no cloak)
rCorr   .          Rampage  .   (gloves unavailable)
Will    +....                   (boots unavailable)
Stlth   +.........              m - amulet of faith
HPRegen 0.98/turn               r - ring of protection from fire
MPRegen 0.09/turn               (no ring)

@: lethally poisoned (0 -> -1), on berserk cooldown, slowed, very slow
A: large, unfitting armour, claws 3, regeneration 1, shaggy fur 1, tough skin 1
a: Renounce Religion, Berserk, Trog's Hand


You were on level 5 of the Dungeon.
You worshipped Trog.
Trog was pleased with you.
You visited 1 branch of the dungeon, and saw 5 of its levels.

You collected 147 gold pieces.
You spent 84 gold pieces at shops.

Inventory:

Missiles
 a - 5 boomerangs
 d - 52 stones (quivered)
Armour
 k - a +0 robe of willpower (worn)
Jewellery
 m - an amulet of faith (around neck)
 r - a ring of protection from fire (left claw)
Scrolls
 b - 2 scrolls of amnesia {unknown}
 g - a scroll of blinking {unknown}
 h - a scroll of vulnerability {unknown}
 j - a scroll of enchant armour {unknown}
 l - a scroll of teleportation {unknown}
 n - 2 scrolls of silence {unknown}
 o - a scroll of brand weapon {unknown}
 p - a scroll of magic mapping {unknown}
 q - 5 scrolls of identify {unknown}
 s - a scroll of fear {unknown}
 u - a scroll of poison {unknown}
Potions
 c - a potion of heal wounds {unknown}
 e - 2 potions of resistance {unknown}
 f - a potion of lignification {unknown}
 i - 3 potions of curing
 t - 3 potions of flight
 v - a potion of attraction {unknown}
 w - a potion of degeneration {unknown}


   Skills:
 + Level 3.8 Fighting
 + Level 1.5 Throwing
 - Level 2.4 Dodging
 + Level 4.5 Unarmed Combat


You had 4 spell levels left.
You didn't know any spells.
Your spell library was empty.

Dungeon Overview and Level Annotations

Branches:
Dungeon (5/15)
 Temple: D:4-7

Altars:
Makhleb

Shops:
D:4 *?**[

Portals:
Ossuary: D:4


Innate Abilities, Weirdness & Mutations

You are too large for most types of armour.
You have claws for hands.
Your natural rate of healing is unusually fast.
You are covered in fur. (AC +1)
You have tough skin. (AC +1)


Message History

You miss something.
You feel very sick. Something hits you but does no damage.
Unknown command.
A red film seems to cover your vision as you go berserk!
You feel yourself moving faster!
You feel mighty!
You feel very sick.
You hear some strange, mumbled words.
A magic dart appears from out of thin air!
The magic dart hits you!
* * * LOW HITPOINT WARNING * * *
You miss something.
You feel sick. Something hits you.
* * * LOW HITPOINT WARNING * * *
You are more poisoned.
You miss something.
You feel sick.
You closely miss something.
You feel sick. Something hits you.
* * * LOW HITPOINT WARNING * * *
You are more poisoned.
You claw something! Trog accepts your kill.
Trog appreciates your killing of a magic user.
Reactivating autopickup.
You feel a bit more experienced.
You feel very sick.
You feel sick.
Items here: )) [ †.
You feel a strong urge to attack something.
You feel very sick.
You are no longer berserk.
You are exhausted.
You feel yourself slow down.
* * * LOW HITPOINT WARNING * * *
You feel sick.
* * * LOW HITPOINT WARNING * * *
You feel very sick.
* * * LOW HITPOINT WARNING * * *
You feel sick.
* * * LOW HITPOINT WARNING * * *
You feel sick.
You die...

#.###......# #
#.....##.#.##
..#...........#
.....##.#.##..#
####..#.#.##..#######
#......#...........#
#.##.#.###########.#
#. #.........###...##
#...@)....##.....#
#.........##..##.#
#.........##..##.#
#...>......##..##.##
#..........##......#
#..........##......#
..###############.##
### #.# #.#


There were no monsters in sight!

Vanquished Creatures
  A jelly (D:4)
  An orc priest (D:4)
  An orc wizard (D:5)
  5 adders
  A dart slug (D:2)
  5 orcs
  A ball python (D:1)
  3 bats
  5 endoplasms
  4 giant cockroaches
  7 goblins
  3 hobgoblins
  4 quokkas
  4 frilled lizards
  3 kobolds
  4 rats
52 creatures vanquished.

Notes
Turn   | Place    | Note
-------+----------+-------------------------------------------
     0 | D:1      | kevlar127 the Troll Berserker began the quest for the Orb.
     0 | D:1      | Reached XP level 1. HP: 22/22 MP: 0/0
   265 | D:1      | Reached XP level 2. HP: 29/29 MP: 1/1
   608 | D:2      | Found a faded altar of an unknown god.
   621 | D:2      | Reached XP level 3. HP: 37/37 MP: 2/2
   786 | D:2      | Identified the +9 dagger "Borehism" {venom, *Slow rN+++
                  | Str-4 Stlth+}
   856 | D:2      | Reached ** piety under Trog
  1176 | D:3      | Reached skill level 4 in Unarmed Combat
  1415 | D:3      | Reached XP level 4. HP: 45/45 MP: 3/3
  1743 | D:3      | Found a faded altar of an unknown god.
  1747 | D:3      | Found a burning altar of Makhleb.
  2278 | D:4      | Found Doluirri's General Store.
  2280 | D:4      | Found Lamar's Antique Armour Boutique.
  2280 | D:4      | Found Tits's Magic Scroll Boutique.
  2284 | D:4      | Found Henn's Assorted Antiques.
  2296 | D:4      | Bought a potion of curing for 42 gold pieces
  2296 | D:4      | Bought a potion of flight for 42 gold pieces
  2316 | D:4      | Identified the +6 chain mail "Unyodaef" {rCorr Int+3}
  2379 | D:4      | Found Nulaptyrru's General Store.
  2417 | D:4      | Found a sand-covered staircase.
  2462 | D:4      | Reached skill level 1 in Throwing
  2462 | D:4      | Reached XP level 5. HP: 45/53 MP: 4/4
  2711 | D:5      | Entered Level 5 of the Dungeon
  2845 | D:5      | HP: 2/54 [poisoned by an orc wizard]
  2848 | D:5      | Succumbed to an orc wizard's poison

Illustrated notes

Levels and vault maps discovered:
D:1:      ncdulo_wetmaze, layout_basic, solitary_fountain
D:2:      layout_rooms, dreamdust_ecumenical_altar_statues, minmay_puff
D:3:      mumra_celtic_spiral_tile, layout_loops_ring,
          nicolae_overflow_ecumenical_swirl
D:4:      layout_cave_pools, lightli_ossuary_entry_decrepit_ruins, serial_shops,
          nicolae_shop_behind_doors, minmay_shop_grid_forest, abandoned_shop
D:5:      layout_basic, temple_green

Skill      XL: |  1  2  3  4 |
---------------+-------------+-----
Fighting       | 3 |  3.8
Unarmed Combat | 4 |  4.5
Throwing       | 1 |  1.5
Dodging        | |  2.4

Action                   |  1- 3 |  4- 6 || total
-------------------------+-------+-------++-------
Melee: Unarmed           |    88 |    48 ||   136
       Punch             |     3 |     1 ||     4
Invok: Berserk           |       |     1 ||     1
 Stab: Sleeping          |     1 |       ||     1
Armor: Animal skin       |     5 |       ||     5
       Robe              |    32 |    16 ||    48
Dodge: Dodged            |    46 |    15 ||    61

Table legend: (Time is in decaauts)
 A = Elapsed time spent in this place.
 B = Non-inter-level travel time spent in this place.
 C = Inter-level travel time spent in this place.
 D = Time resting spent in this place.
 E = Time spent auto-exploring this place.
 F = Levels seen in this place.
 G = Mean time per level.
                   A        B        C        D        E       F      G
               +--------+--------+--------+--------+--------+-----+--------+
         Total |   2842 |   2507 |    335 |      0 |   2030 |   5 |  568.4 |
       Dungeon |   2842 |   2507 |    335 |      0 |   2030 |   5 |  568.4 |
               +--------+--------+--------+--------+--------+-----+--------+

Top non-repeatable levels by time:
     D:3: 1086 daAuts
     D:2: 590 daAuts
     D:1: 518 daAuts
     D:4: 513 daAuts
     D:5: 133 daAuts
